 Dungeon Crawl Stone Soup version 0.30.0-20-g3b4254fcbd (webtiles) character file.

Game seed: 2045479004629887164

67 Graphine the Chopper (level 4, -3/40 HPs)
             Began as a Hill Orc Monk on June 2, 2023.
             Slain by Sigmund
             ... wielding a +0 scythe
              (4 damage)
             ... on level 3 of the Dungeon.
             The game lasted 00:04:04 (1905 turns).

Graphine the Chopper (Hill Orc Monk)                Turns: 1905, Time: 00:04:05

Health: -3/40      AC:  8    Str: 15    XL:     4   Next: 18%
Magic:  5/5        EV: 10    Int: 10    God:
Gold:   197        SH:  0    Dex: 13    Spells: 5/5 levels left

rFire   . . .        a - +0 hand axe (freeze)
rCold   . . .        d - orb {light}
rNeg    . . .        i - +0 scale mail
rPois   .            (no helmet)
rElec   .            (no cloak)
rCorr   .            h - +1 pair of gloves
SInv    .            (no boots)
Will    .....        (no amulet) Stlth
                     (no ring)
HPRegen 0.26/turn    (no ring)
MPRegen 0.09/turn

%: no passive effects
@: lethally poisoned (-3 -> -10), glowing
A: no striking features
a: no special abilities


You were on level 3 of the Dungeon.
You visited 1 branch of the dungeon, and saw 3 of its levels.

You collected 197 gold pieces.

Inventory:

Hand Weapons
 a - a +0 hand axe of freezing (weapon)
Armour
 b - a +0 robe
 d - an orb of light (worn)
 h - a +1 pair of gloves (worn)
 i - a +0 scale mail (worn)
Jewellery
 m - a ring of ice
Wands
 j - a wand of roots (6)
Scrolls
 k - 2 scrolls of identify
Potions
 c - a potion of ambrosia
 e - 2 potions of resistance
 f - a potion of haste
 l - 2 potions of brilliance
 n - 2 potions of attraction {unknown}
 p - 3 potions of curing {unknown}


   Skills:
 + Level 4.2 Fighting
 * Level 5.1 Axes
 + Level 1.4 Armour
 - Level 2.4 Dodging
 + Level 1.0 Spellcasting


You had 5 spell levels left.
You didn't know any spells.
Your spell library contained the following spells:

 Spells                   Type           Power      Damage    Failure   Level
 Sublimation of Blood     Necr           0%         N/A       90%         2
 Wereblood                Tmut           0%         N/A       90%         2
 Dazzling Flash           Conj/Hex       0%         N/A       99%         3
 Agony                    Necr           0%         N/A       100%        5
 Silence                  Hex/Air        0%         N/A       100%        5
 Summon Hydra             Summ           0%         N/A       100%        7


Dungeon Overview and Level Annotations

Branches:
Dungeon (3/15)

Altars:

Annotations:
D:3 Sigmund


Message History

The adder hisses angrily.
As you read the scroll labelled YRAUTEMOGE, it crumbles to dust.
Your body is wracked with pain!
* * * LOW HITPOINT WARNING * * *
The kobold convulses!
The goblin convulses!
Sigmund convulses!
The centaur convulses!
The adder convulses!
It was a scroll of torment.
Sigmund zaps a wand.
The puff of flame hits you.
* * * LOW HITPOINT WARNING * * *
The centaur shoots an arrow.
The arrow barely misses you.
The kobold hits you with a +0 short sword.
* * * LOW HITPOINT WARNING * * *
The goblin hits you but does no damage.
You feel much better. Sigmund hits you but does no damage.
The kobold closely misses you. The goblin hits you but does no damage.
The centaur shoots an arrow.
The arrow barely misses you.
You are confused.
You feel invigorated.
The centaur shoots an arrow.
The arrow closely misses you.
Sigmund zaps a wand.
The puff of flame hits you.
The kobold hits you with a +0 short sword.
The goblin hits you but does no damage.
You hit Sigmund. You freeze Sigmund.
Sigmund is severely wounded.
You hit the goblin. You freeze the goblin.
You kill the goblin!
You hit the kobold. You freeze the kobold.
You kill the kobold!
Sigmund hits you but does no damage.
The centaur shoots an arrow.
The arrow hits you!
* * * LOW HITPOINT WARNING * * *
You barely miss the adder.
The adder is moderately wounded.
You hit Sigmund. You freeze Sigmund.
You feel less invigorated.
You feel less confused.
The centaur shoots an arrow.
The arrow hits you!
* * * LOW HITPOINT WARNING * * *
The adder bites you.
* * * LOW HITPOINT WARNING * * *
You are lethally poisoned!
The adder poisons you! Sigmund hits you with a +0 scythe.
You die...

# ? ##.##### ####### .
#......# .......
.##......## #######
.......... ...#
###....c..## .# ###.#
...............#....
#@)...........#.#.#
..####.@S..............#
.....#.......###.#.#....
#.......#######...#..##
...................#....
##.......#######........
.......................#
#############......##..#
...####...#....
###.####.......#


You could see Sigmund (invisible), a centaur and an adder.

Vanquished Creatures
  An adder (D:3)
  A worm (D:3)
  3 dart slugs
  6 ball pythons
  6 endoplasms
  A giant cockroach (D:2)
  3 goblins
  A hobgoblin (D:1)
  4 jackals (D:2)
  2 quokkas
  4 bats
  5 frilled lizards
  7 kobolds
  3 rats
47 creatures vanquished.

Notes
Turn   | Place    | Note
-------+----------+-------------------------------------------
     0 | D:1      | Graphine the Hill Orc Monk began the quest for the Orb.
     0 | D:1      | Reached XP level 1. HP: 19/19 MP: 1/1
   209 | D:1      | Reached XP level 2. HP: 27/27 MP: 2/2
   487 | D:1      | You fall into a shaft and drop 1 floor!
   638 | D:2      | Reached skill level 1 in Armour
   642 | D:2      | Reached XP level 3. HP: 25/33 MP: 3/3
  1531 | D:3      | Reached skill level 5 in Axes
  1560 | D:3      | Reached XP level 4. HP: 34/40 MP: 5/5
  1788 | D:3      | Reached skill level 1 in Spellcasting
  1800 | D:3      | Found a faded altar of an unknown god.
  1896 | D:3      | Noticed Sigmund
  1897 | D:3      | Noticed a centaur
  1901 | D:3      | HP: 2/40 [kobold/+0 short sword (3)]
  1905 | D:3      | Slain by Sigmund

Illustrated notes

Levels and vault maps discovered:
D:1:      amcnicky_arrival_blooded_trapdoor, layout_basic
D:2:      layout_basic
D:3:      layout_basic, serial_shops, shop,
          shapermc_ecumenical_altar_starsandcircs, uniq_sigmund

Skill      XL: |  1  2  3  4 |
---------------+-------------+-----
Armour         | 1 |  1.4
Fighting       | 4 |  4.2
Axes           | 5 |  5.1
Spellcasting   | 1 |  1.0
Dodging        | |  2.4

Action                     |  1- 3 |  4- 6 || total
---------------------------+-------+-------++-------
  Melee: Hand axe          |   102 |    16 ||   118
    Use: Scroll            |     7 |     2 ||     9
         Potion            |       |     2 ||     2
 Armour: Robe              |    19 |       ||    19
         Scale mail        |     5 |    15 ||    20
  Dodge: Dodged            |    49 |    17 ||    66
